 Dungeon Crawl Stone Soup version 0.30-a0-1116-gebefce21f7 (webtiles) character file.

Game seed: 16147079115372678766

2056 holysushi the Slicer (level 9, 0/63 HPs)
             Began as a Demonspawn Monk on Apr 21, 2023.
             Was a Believer of Uskayaw.
             Slain by a wyvern (15 damage)
             ... on level 6 of the Dungeon.
             The game lasted 00:09:40 (5963 turns).

holysushi the Slicer (Demonspawn Monk)              Turns: 5963, Time: 00:09:41

Health: 0/63       AC:  6    Str: 17    XL:     9   Next: 5%
Magic:  11/11      EV: 16    Int: 13    God:    Uskayaw [**....]
Gold:   315        SH:  0    Dex: 27    Spells: 7/8 levels left

rFire   . . .      SeeInvis .    a - +2 short sword (elec)
rCold   . . .      Faith    .    d - orb {light}
rNeg    . . .      Spirit   .    n - +2 leather armour of Inference {+Blink}
rPois   .          Reflect  .    (helmet restricted)
rElec   .          Rampage  .    (no cloak)
rCorr   .                        (no gloves)
Will    .....                    i - +0 pair of boots
Stlth   ++                       (no amulet)
HPRegen 0.30/turn                o - +6 ring of dexterity
MPRegen 0.24/turn                p - +6 ring of strength

@: about to teleport, glowing
A: horns 2, thin skeletal structure 1, powered by death 1, magic regeneration
a: Renounce Religion, Evoke Blink, Stomp, Line Pass


You were on level 6 of the Dungeon.
You worshipped Uskayaw.
Uskayaw was noncommittal.
You visited 1 branch of the dungeon, and saw 6 of its levels.
You also visited: Sewer.

You collected 315 gold pieces.

Inventory:

Hand Weapons
 a - a +2 short sword of electrocution (weapon)
Armour
 b - a +0 robe
 d - an orb of light (worn)
 i - a +0 pair of boots (worn)
 n - the +2 leather armour of Inference (worn) {+Blink}
   (You found it on level 2 of the Dungeon)

   +Blink:    It lets you blink.
Jewellery
 o - a +6 ring of dexterity (left hand)
 p - a +6 ring of strength (right hand)
Wands
 w - a wand of iceblast (5)
Scrolls
 e - 2 scrolls of identify
 g - 2 scrolls of teleportation
 m - 2 scrolls of fog {unknown}
 s - a scroll of poison {unknown}
 u - a scroll of immolation {unknown}
 v - a scroll of enchant weapon
Potions
 c - a potion of invisibility
 f - 3 potions of resistance
 h - 2 potions of lignification
 l - a potion of brilliance
 r - a potion of mutation
 t - a potion of magic


   Skills:
 - Level 3.0 Fighting
 + Level 9.4 Short Blades
 + Level 5.3 Dodging
 - Level 2.0 Stealth
 - Level 3.0 Invocations
 + Level 2.3 Evocations


You had 7 spell levels left.
You knew the following spells:

 Your Spells              Type           Power      Damage    Failure   Level
a - Apportation           Tloc           0%         N/A       36%         1

Your spell library contained the following spells:

 Spells                   Type           Power      Damage    Failure   Level
 Necrotise                Necr           0%         1d4       36%         1
 Slow                     Hex            0%         N/A       36%         1
 Summon Small Mammal      Summ           0%         N/A       36%         1
 Blink                    Tloc           0%         N/A       50%         2
 Lesser Beckoning         Tloc           0%         N/A       50%         2
 Momentum Strike          Conj/Tloc      0%         3d8       50%         2
 Confusing Touch          Hex            0%         N/A       75%         3
 Inner Flame              Hex/Fire       0%         N/A       75%         3
 Mephitic Cloud           Conj/Pois/Air  0%         N/A       75%         3
 Vampiric Draining        Necr           0%         2d6       75%         3
 Flame Wave               Conj/Fire      0%         2d4       98%         4
 Yara's Violent Unravell  Hex/Tmut       0%         3d3       100%        5
 Enfeeble                 Hex            0%         N/A       100%        7


Dungeon Overview and Level Annotations

Branches:
Dungeon (6/15) Zot: 26575  Temple (0/1) D:5           Sewer (visited)

Altars:
Gozag
Nemelex Xobeh
Qazlal
Sif Muna
Trog
Uskayaw
Vehumet


Innate Abilities, Weirdness & Mutations

You have a pair of horns on your head.
You have a somewhat thin skeletal structure. (Dex +2, Stealth+)
You regenerate a little health from kills.
You regenerate magic rapidly.


Message History

The yak is almost dead.
You hit the yak. You headbutt the yak, but do no damage.
The yak is almost dead.
The yak gores you!
* * * LOW HITPOINT WARNING * * *
You hit the yak. Your headbutt misses the yak.
The yak is almost dead.
The yak barely misses you.
You can now pass through a line of other dancers.
You hit the yak but do no damage. You headbutt the yak.
You kill the yak!
You have reached level 9!
Your experience leads to an increase in your attributes!
Your base attributes are Str 11, Int 13, Dex 19.
Increase (S)trength, (I)ntelligence, or (D)exterity?
You feel agile. x2
You feel very mighty all of a sudden. The wyvern closely misses you.
It was a potion of brilliance.
You feel clever all of a sudden. The wyvern misses you.
It was a potion of attraction.
You feel attractive to monsters. The wyvern barely misses you.
The wyvern closely misses you.
It was a potion of cancellation.
Your magical effects are unravelling.
You feel magically purged.
You feel a little less mighty now.
You feel a little less clever now. The wyvern misses you.
You feel less attractive to monsters.
You hit the wyvern. You headbutt the wyvern!
The wyvern is moderately wounded.
The wyvern barely misses you. The wyvern bites you!
* * * LOW HITPOINT WARNING * * *
You feel better. The wyvern misses you. The wyvern closely misses you.
Okay, then.
Okay, then.
As you read the scroll of teleportation, it crumbles to dust.
You feel strangely unstable. The wyvern bites you!
You die...

########### #Yl@......##
#Y#######..##
##############)#.....#...#
.........Y..)YY#.....'...#######
##.....Y.Y..Y.Y#..[..#.........#
......?†{......#.....#.........#
...{...........#######.........#
..#.######.....................#
.... #.............#########


You could see 2 yaks and a wyvern.

Vanquished Creatures
  Grinder (D:4)
  A yak (D:6)
  An ice beast (D:6)
  2 black bears (D:6)
  2 phantoms (D:6)
  Blork the orc (D:6)
  3 kobold brigands (Sewer)
  4 scorpions
  2 jellies
  An orc priest (D:5)
  2 hounds
  Ijyb (D:3)
  2 orc wizards
  6 iguanas
  12 gnolls
  A river rat (Sewer)
  13 adders
  A shadow imp (D:6)
  3 white imps
  An ufetubus (D:4)
  4 worms
  2 dart slugs
  13 orcs
  5 endoplasms
  6 giant cockroaches
  8 goblins
  6 hobgoblins
  14 kobolds
  9 ball pythons
  5 bats
  4 rats
136 creatures vanquished.

Notes
Turn   | Place    | Note
-------+----------+-------------------------------------------
     0 | D:1      | holysushi the Demonspawn Monk began the quest for the Orb.
     0 | D:1      | Reached XP level 1. HP: 18/18 MP: 1/1
     2 | D:1      | You fall into a shaft and drop 1 floor!
    77 | D:2      | Reached skill level 3 in Short Blades
    77 | D:2      | Gained mutation: You have a pair of small horns on your
                  | head. [demonic ancestry]
    77 | D:2      | Reached XP level 2. HP: 7/24 MP: 2/2
   232 | D:1      | Found a faded altar of an unknown god.
   242 | D:1      | Prayed at the altar of an unknown god.
   242 | D:1      | Became a worshipper of Uskayaw the Reveller
   242 | D:1      | Reached * piety under Uskayaw
   242 | D:1      | Reached ** piety under Uskayaw
  1046 | D:2      | Reached XP level 3. HP: 25/29 MP: 3/3
  1246 | D:2      | Identified the +2 leather armour of Inference {+Blink}
  1436 | D:2      | Reached skill level 4 in Short Blades
  1690 | D:3      | Noticed Ijyb
  1712 | D:3      | Killed Ijyb
  1713 | D:3      | Reached skill level 1 in Stealth
  1713 | D:3      | Gained mutation: You have a pair of horns on your head.
                  | [demonic ancestry]
  1713 | D:3      | Reached XP level 4. HP: 14/35 MP: 4/4
  1713 | D:3      | Reached *** piety under Uskayaw
  2006 | D:3      | Got the Grimoire of Vexing Battling
  2038 | D:2      | Reached XP level 5. HP: 40/41 MP: 5/5
  2237 | D:3      | Reached skill level 5 in Short Blades
  2665 | D:4      | Noticed Grinder
  2682 | D:4      | Killed Grinder
  2683 | D:4      | Reached skill level 6 in Short Blades
  2683 | D:4      | Gained mutation: You regenerate a little health from kills.
                  | [demonic ancestry]
  2683 | D:4      | Reached XP level 6. HP: 9/47 MP: 6/6
  2721 | D:4      | Found a glowing drain.
  2771 | Sewer    | Entered a sewer
  2887 | Sewer    | Reached skill level 1 in Invocations
  3025 | Sewer    | Gained mutation: You regenerate magic rapidly. [demonic
                  | ancestry]
  3025 | Sewer    | Reached XP level 7. HP: 34/52 MP: 6/8
  3121 | Sewer    | Reached skill level 7 in Short Blades
  4166 | D:4      | Learned a level 1 spell: Apportation
  4402 | D:4      | Reached skill level 8 in Short Blades
  4711 | D:5      | Entered Level 5 of the Dungeon
  4901 | D:5      | Gained mutation: You have a somewhat thin skeletal
                  | structure. (Dex +2, Stealth+) [demonic ancestry]
  4901 | D:5      | Reached XP level 8. HP: 48/58 MP: 10/10
  5099 | D:5      | Reached **** piety under Uskayaw
  5160 | D:5      | Found a staircase to the Ecumenical Temple.
  5537 | D:6      | Noticed Blork the orc
  5549 | D:6      | Killed Blork the orc
  5550 | D:6      | Reached skill level 9 in Short Blades
  5596 | D:6      | Found a bloodstained altar of Trog.
  5740 | D:6      | Found an opulent altar of Gozag.
  5741 | D:6      | Found a radiant altar of Vehumet.
  5743 | D:6      | Found a stormy altar of Qazlal.
  5743 | D:6      | Found a shimmering blue altar of Sif Muna.
  5744 | D:6      | Found a sparkling altar of Nemelex Xobeh.
  5744 | D:6      | Found a hide-covered altar of Uskayaw.
  5755 | D:6      | Reached skill level 1 in Evocations
  5840 | D:6      | Reached skill level 5 in Dodging
  5955 | D:6      | Reached XP level 9. HP: 15/63 MP: 11/11
  5963 | D:6      | Slain by a wyvern

Illustrated notes

Levels and vault maps discovered:
D:1:      scummos_arrival_forest, layout_basic, basic_ecumenical_altar
D:2:      layout_basic
D:3:      minmay_wonky_spiral, layout_rooms, uniq_crazy_yiuf_cottage, uniq_ijyb
D:4:      layout_cave_pools, portal_sewer_entry_d, uniq_grinder
D:5:      layout_cave_pools, minmay_temple_entry_poolview
D:6:      layout_basic, nicolae_overflow_hallway_of_the_gods, nrook_mini_vaults,
          kennysheep_potato, uniq_maggie, uniq_blork_the_orc

Skill      XL: |  1  2  3  4  5  6  7  8 |
---------------+-------------------------+-----
Short Blades   | 3 4 6 8 9 |  9.4
Stealth        | 1 2 |  2.0
Invocations    | 2 3 |  3.0
Dodging        | 5 |  5.3
Evocations     | 2 |  2.3
Fighting       | |  3.0

Action                     |  1- 3 |  4- 6 |  7- 9 || total
---------------------------+-------+-------+-------++-------
  Melee: Short sword       |    91 |   142 |   282 ||   515
         Headbutt          |    20 |    38 |    63 ||   121
  Evoke: Wand              |       |     2 |       ||     2
    Use: Potion            |     1 |     2 |     7 ||    10
         Scroll            |       |       |    15 ||    15
   Stab: Paralysed         |       |     1 |     5 ||     6
         Sleeping          |       |       |     1 ||     1
 Armour: Robe              |    14 |       |       ||    14
         Leather armour    |    17 |    41 |    59 ||   117
  Dodge: Dodged            |    55 |    64 |   149 ||   268

Table legend: (Time is in decaauts)
 A = Elapsed time spent in this place.
 B = Non-inter-level travel time spent in this place.
 C = Inter-level travel time spent in this place.
 D = Time resting spent in this place.
 E = Time spent auto-exploring this place.
 F = Levels seen in this place.
 G = Mean time per level.
                   A        B        C        D        E       F      G
               +--------+--------+--------+--------+--------+-----+--------+
         Total |   5987 |   5790 |    197 |   1027 |   3246 |   7 |  855.3 |
       Dungeon |   4601 |   4404 |    197 |    673 |   2657 |   6 |  766.8 |
         Sewer |   1385 |   1385 |      0 |    354 |    589 |   1 | 1385.0 |
               +--------+--------+--------+--------+--------+-----+--------+

Top non-repeatable levels by time:
   Sewer: 1385 daAuts
     D:2: 972 daAuts
     D:4: 895 daAuts
     D:3: 823 daAuts
     D:1: 819 daAuts
     D:5: 667 daAuts
     D:6: 423 daAuts
